 Dungeon Crawl Stone Soup version 0.29-a0-914-g906f1d757c (webtiles) character file.

Game seed: 2216024759819793794

29 Aviak the Magician (level 3, -10/33 HPs)
             Began as a Djinni Conjurer on July 26, 2022.
             Killed by nerve-wracking pain
             ... invoked by an orc priest
              (12 damage)
             ... on level 2 of the Dungeon.
             The game lasted 00:01:37 (1060 turns).

Aviak the Magician (Djinni Conjurer)                Turns: 1060, Time: 00:01:38

Health: -10/33     AC:  8    Str:  3 (6)  XL:     3   Next: 32%
Gold:   124        EV: 12    Int: 18 (21) God:
                   SH:  0    Dex:  9 (11)

rFire   + + .      SeeInvis .   i - +0 spear
rCold   x . .      Faith    .   (no shield)
rNeg    . . .      Spirit   .   a - +0 robe
rPois   ∞          Reflect  .   (no helmet)
rElec   .          Harm     .   e - +1 cloak
rCorr   .          Rampage  .   (no gloves)
Will    .....                   (boots unavailable)
Stlth   +.........              (no amulet)
HPRegen 0.11/turn               (no ring)
MPRegen 0.00/turn               (no ring)

@: attractive, flying
A: sickness immunity, fire resistance 2, cold vulnerability 1, float, innate
caster, HP casting, extra vitality 1, iridescent scales 2, deterioration 1
a: no special abilities


You were on level 2 of the Dungeon.
You visited 1 branch of the dungeon, and saw 2 of its levels.

You collected 124 gold pieces.

Inventory:

Hand Weapons
 c - a +0 falchion
 i - a +0 spear (weapon)
Armour
 a - a +0 robe (worn)
 e - a +1 cloak (worn)
Scrolls
 b - 3 scrolls of enchant armour
 d - 2 scrolls of teleportation {unknown}


   Skills:
 + Level 5.2 Fighting
 - Level 2.1 Dodging
 - Level 1.5 Stealth
 * Level 6.8 Spellcasting


You couldn't memorise any spells.
You knew the following spells:

 Your Spells              Type           Power      Damage    Failure   Level
a - Magic Dart            Conj           100%       1d8       1%          1
b - Searing Ray           Conj           60%        2d6       1%          2
c - Dazzling Flash        Conj/Hex       60%        N/A       1%          3
d - Fulminant Prism       Conj/Hex       15%        3d11      7%          4
e - Iskenderun's Mystic   Conj/Tloc      30%        2d8       7%          4
f - Beastly Appendage     Tmut           60%        N/A       1%          1
Your spell library was empty.

Dungeon Overview and Level Annotations

Branches:
Dungeon (2/15) Zot: 10937

Altars:


Innate Abilities, Weirdness & Mutations

You are immune to sickness and miasma.
You are immune to poison.
Your flesh is very heat resistant. (rF++)
You are vulnerable to cold. (rC-)
You float through the air rather than walking.
You learn spells naturally, not from books.
Your magical power is your life essence.
You have superior vitality. (+4 MHP)
You are mostly covered in iridescent scales. (AC +4)
Your body sometimes deteriorates upon taking damage.


Message History

The orc priest is heavily wounded.
* * * LOW HITPOINT WARNING * * *
You finish channelling your searing ray.
The orc priest hits you with a +0 whip.
* * * LOW HITPOINT WARNING * * *
Your body deteriorates!
You feel clumsy.
Unknown command.
Unknown command.
Casting: Searing Ray (safe; 1% risk of failure)
Confirm with . or Enter, or press ? or * to list all spells.
You don't have enough health to cast this spell.
You aren't carrying any potions.
As you read the scroll labelled ZILOUMODUH, it crumbles to dust.
It is a scroll of enchant armour.
Your +0 cloak glows green for a moment.
The orc priest barely misses you.
Unknown command.
You hit the orc priest.
The orc priest is heavily wounded.
The orc priest calls upon Beogh to heal the orc priest.
The orc priest is healed somewhat.
You barely miss the orc priest.
The orc priest is heavily wounded.
The orc priest barely misses you.
You hit the orc priest but do no damage.
The orc priest is heavily wounded.
The orc priest misses you.
You hit the orc priest but do no damage.
The orc priest is heavily wounded.
The orc priest hits you but does no damage.
You hit the orc priest but do no damage.
The orc priest is heavily wounded.
The orc priest closely misses you.
You hit the orc priest.
The orc priest is severely wounded.
The orc priest closely misses you.
You hit the orc priest but do no damage.
The orc priest is severely wounded.
The orc priest invokes the aid of Beogh against you.
Pain shoots through your body!
You die...

#.. ##............# .
###..
#.............##.
....##..#..#....##....
...^.................
...##..#..#....##....
#..............#....
#.##..#..#....##....
#oo@................
#.##..#..#....##....
#. #..#..#....##....
#o #..#..######.....
o...................
..o...#.#######.....
#.#.##..#.# #..##.
#.#. .....# #..... #
##.# ##.##.


You could see 2 orc priests.

Vanquished Creatures
  An orc (D:2)
  A bat (D:1)
  An endoplasm (D:1)
  2 goblins (D:1)
  2 hobgoblins (D:1)
  A kobold (D:1)
  A rat (D:1)
9 creatures vanquished.

Notes
Turn   | Place    | Note
-------+----------+-------------------------------------------
     0 | D:1      | Aviak the Djinni Conjurer began the quest for the Orb.
     0 | D:1      | Aviak set off with the following spells memorised: Magic
                  | Dart, Searing Ray, Dazzling Flash, Fulminant Prism,
                  | Iskenderun's Mystic Blast.
     0 | D:1      | Reached XP level 1. HP: 15/15 MP: 0/0
   227 | D:1      | Found a faded altar of an unknown god.
   753 | D:1      | Reached XP level 2. HP: 19/22 MP: 0/0
  1045 | D:2      | Reached skill level 5 in Fighting
  1045 | D:2      | Reached skill level 6 in Spellcasting
  1045 | D:2      | Reached XP level 3. HP: 12/33 MP: 0/0
  1045 | D:2      | Learned a level 1 spell: Beastly Appendage
  1047 | D:2      | Gained mutation: You are partially covered in iridescent
                  | scales. (AC +2) [potion of mutation]
  1047 | D:2      | Gained mutation: Your body sometimes deteriorates upon
                  | taking damage. [potion of mutation]
  1047 | D:2      | Gained mutation: You are mostly covered in iridescent
                  | scales. (AC +4) [potion of mutation]
  1052 | D:2      | HP: 1/33 [orc priest/+0 whip (4)]
  1060 | D:2      | Killed from afar by an orc priest

Illustrated notes

Levels and vault maps discovered:
D:1:      ncdulo_lavacross, layout_basic, hellmonk_ecumenical_altar_crossroads
D:2:      layout_basic, serial_shops, nicolae_shop_window_shopping,
          uniq_jessica, uniq_terence

Skill      XL: |  1  2 |
---------------+-------+-----
Fighting       | 5 |  5.2
Spellcasting   | 6 |  6.8
Dodging        | |  2.1
Stealth        | |  1.5

Action                   || total
-------------------------++-------
Melee: Falchion          ||     5
       Spear             ||    10
 Cast: Magic Dart        ||    15
       Searing Ray       ||     1
  Use: Potion            ||     4
       Scroll            ||     1
Armor: Robe              ||     6
Dodge: Dodged            ||    13

Table legend: (Time is in decaauts)
 A = Elapsed time spent in this place.
 B = Non-inter-level travel time spent in this place.
 C = Inter-level travel time spent in this place.
 D = Time resting spent in this place.
 E = Time spent auto-exploring this place.
 F = Levels seen in this place.
 G = Mean time per level.
                   A        B        C        D        E       F      G
               +--------+--------+--------+--------+--------+-----+--------+
         Total |   1061 |   1023 |     38 |      0 |    921 |   2 |  530.5 |
       Dungeon |   1061 |   1023 |     38 |      0 |    921 |   2 |  530.5 |
               +--------+--------+--------+--------+--------+-----+--------+

Top non-repeatable levels by time:
     D:1: 916 daAuts
     D:2: 144 daAuts
